 Dungeon Crawl Stone Soup version 0.26.1-2-gb8aa6d0cf2 (webtiles) character file.

Game seed: 1244107902801163495

163 Hehehe the Chopper (level 5, -4/46 HPs)
             Began as a Deep Dwarf Fighter on Feb 12, 2021.
             Slain by Sigmund
             ... wielding a +0 scythe
              (14 damage)
             ... on level 3 of the Dungeon.
             The game lasted 00:02:07 (1421 turns).

Hehehe the Chopper (Deep Dwarf Fighter)             Turns: 1421, Time: 00:02:08

Health: -4/46      AC: 12    Str: 19    XL:     5   Next: 20%
Magic:  4/4        EV:  3    Int: 10    God:
Gold:   66         SH:  9    Dex: 12    Spells: 4/4 levels left

rFire    . . .     SeeInvis .   a - +0 war axe
rCold    + . .     Faith    .   c - +0 kite shield
rNeg     . . .     Spirit   .   e - +1 plate armour {rC+}
rPois    .         Reflect  .   (no helmet)
rElec    .         Harm     .   (no cloak)
rCorr    .         Rampage  .   (no gloves)
Will     .....                  (no boots)
Stlth    ..........             (no amulet)
HPRegen  0.00/turn              (no ring)
MPRegen  0.09/turn              (no ring)

@: non-regenerating
A: damage resistance, heal wounds, sense surroundings 1, no regeneration
a: Heal Wounds


You were on level 3 of the Dungeon.
You visited 1 branch of the dungeon, and saw 3 of its levels.

You collected 66 gold pieces.

Inventory:

Hand Weapons
 a - a +0 war axe (weapon)
Armour
 c - a +0 kite shield (worn)
 e - a +1 plate armour of cold resistance (worn)
Scrolls
 g - 2 scrolls of enchant weapon {unknown}
 h - 2 scrolls of identify {unknown}
 i - a scroll of noise {unknown}
 l - a scroll of teleportation {unknown}
 m - a scroll of fear {unknown}
Potions
 b - a potion of brilliance {unknown}
 d - 2 potions of might
 f - a potion of resistance {unknown}
 j - a potion of heal wounds {unknown}
 k - a potion of curing {unknown}


   Skills:
 - Level 2.7 Fighting
 + Level 6.0 Axes
 - Level 3.3 Armour
 - Level 3.3 Shields


You had 4 spell levels left.
You didn't know any spells.
Your spell library was empty.

Dungeon Overview and Level Annotations

Branches:
Dungeon (3/15)

Altars:

Annotations:
D:3 Sigmund


Innate Abilities, Weirdness & Mutations

You are resistant to damage.
You can heal yourself by infusing magical energy.
You passively map a small area around you.
You do not regenerate.


Message History

Sigmund hits you with a +0 scythe!
* * * LOW HITPOINT WARNING * * *
You completely miss Sigmund.
Sigmund is severely wounded.
You barely miss Sigmund.
Sigmund is severely wounded.
Sigmund gestures at you while chanting.
The magic dart hits you but does no damage.
Sigmund casts a spell at you.
The puff of flame hits you but does no damage.
You closely miss Sigmund.
Sigmund is severely wounded.
Sigmund hits you with a +0 scythe.
You closely miss Sigmund.
Sigmund is severely wounded.
Sigmund hits you but does no damage.
You hit Sigmund.
Sigmund is severely wounded.
Sigmund hits you with a +0 scythe!
You die...

...........$.* *
............#
..≈≈........# *
.≈..≈.......##
≈≈≈..≈..≈≈...≈##
≈≈..≈..≈..≈..≈≈#
*
≈...≈.⌠≈..≈..≈≈#
*
≈≈..≈..≈⌠.≈@..≈≈#
,
≈≈..≈..≈..≈@.≈≈≈#
,
#≈...≈≈.†≈).≈≈≈##
#......)≈..≈.##
#......(.≈≈..#
##......(.....##
#.......(......#
#####.(.####### ,
#......<..#
#.#####.#.#


You could see Sigmund (strong).

Vanquished Creatures
  5 adders (D:2)
  7 gnolls (D:2)
  A worm (D:2)
  A dart slug (D:1)
  A leopard gecko (D:2)
  4 giant cockroaches
  4 hobgoblins
  A quokka (D:3)
  6 bats
  A frilled lizard (D:1)
  7 goblins
  7 kobolds
  9 rats
54 creatures vanquished.

Notes
Turn   | Place    | Note
-------+----------+-------------------------------------------
     0 | D:1      | Hehehe the Deep Dwarf Fighter began the quest for the Orb.
     0 | D:1      | Reached XP level 1. HP: 20/20 MP: 1/1
   182 | D:1      | Reached skill level 3 in Axes
   182 | D:1      | Reached XP level 2. HP: 27/27 MP: 2/2
   666 | D:2      | Reached XP level 3. HP: 26/33 MP: 3/3
   673 | D:2      | Reached skill level 4 in Axes
   717 | D:2      | Reached XP level 4. HP: 28/40 MP: 4/4
   843 | D:2      | Reached skill level 5 in Axes
   984 | D:2      | Reached XP level 5. HP: 33/46 MP: 5/5
  1380 | D:3      | Noticed Sigmund
  1383 | D:3      | Reached skill level 6 in Axes
  1421 | D:3      | Slain by Sigmund

Illustrated notes

Levels and vault maps discovered:
D:1:      scummos_arrival_star, layout_loops_ring, serial_glass,
          glass_columns_a, glass_columns_c, glass_columns_a, glass_columns_c,
          due_unseen_surprise, minmay_strange_pillars, minmay_strange_pillars,
          serial_park_tiny_2
D:2:      layout_loops_ring
D:3:      cheibrodos_helix_gallery, layout_basic,
          nicolae_qazlal_general_emergency, gammafunk_ghost_split, uniq_grinder,
          uniq_robin, uniq_sigmund

Skill      XL: |  1  2  3  4  5 |
---------------+----------------+-----
Axes           | 3 4 5 6 |  6.0
Fighting       | |  2.7
Armour         | |  3.3
Shields        | |  3.3

Action                   |  1- 3 |  4- 6 || total
-------------------------+-------+-------++-------
Melee: War axe           |    87 |   119 ||   206
 Abil: Heal Wounds       |       |     3 ||     3
Armor: Plate armour      |    61 |    75 ||   136
Dodge: Dodged            |    16 |    14 ||    30
Block: Kite shield       |    60 |    59 ||   119
